 Dungeon Crawl Stone Soup version 0.28-a0-751-gef3a642a4e (webtiles) character file.

Game seed: 3717380308014040805

37 Johnny the Slasher (level 3, 0/43 HPs)
             Began as a Human Berserker on Oct 30, 2021.
             Was a Believer of Trog.
             Succumbed to a scorpion's poison
             ... on level 2 of the Dungeon.
             The game lasted 00:01:13 (1060 turns).

Johnny the Slasher (Human Berserker)                Turns: 1060, Time: 00:01:14

Health: 0/43       AC:  8    Str: 18    XL:     3   Next: 60%
Magic:  3/3        EV:  7    Int:  7    God:    Trog [**....]
Gold:   64         SH:  0    Dex: 12    Spells: 2/2 levels left

rFire   + + .      SeeInvis .   a - +0 falchion
rCold   + + .      Faith    .   (no shield)
rNeg    . . .      Spirit   .   c - +0 chain mail
rPois   +          Reflect  .   (no helmet)
rElec   +          Harm     .   f - scarf {rC+ rF+}
rCorr   +          Rampage  .   (no gloves)
Will    ++...                   (no boots)
Stlth   ..........              (no amulet)
HPRegen 1.14/turn               (no ring)
MPRegen 0.08/turn               (no ring)

@: berserking, lethally poisoned (0 -> -5), resistant, strong-willed,
regenerating, very quick
A: no striking features
a: Renounce Religion, Berserk, Trog's Hand


You were on level 2 of the Dungeon.
You worshipped Trog.
Trog was pleased with you.
You visited 1 branch of the dungeon, and saw 2 of its levels.

You collected 64 gold pieces.

Inventory:

Hand Weapons
 a - a +0 falchion (weapon)
Armour
 c - a +0 chain mail (worn)
 f - a scarf of resistance (worn)
Scrolls
 d - a scroll of enchant weapon {unknown}
 e - a scroll of immolation {unknown}


   Skills:
 - Level 3.0 Fighting
 * Level 4.3 Long Blades
 - Level 2.0 Armour
 - Level 2.0 Dodging


You had 2 spell levels left.
You didn't know any spells.
Your spell library was empty.

Dungeon Overview and Level Annotations

Branches:
Dungeon (2/15)

Altars:

Shops:
D:2 (


Message History

The rat bites you but does no damage.
Your chain mail prevents you from hitting the scorpion.
You feel sick.
The scorpion stings you but does no damage.
The rat barely misses you.
You feel sick.
The scorpion stings you but does no damage.
You feel sick.
You feel sick.
You see here an emerald potion.
You feel sick.
You feel sick.
You are no longer poisoned.
The scorpion stings you.
You are poisoned.
The scorpion poisons you!
You feel sick.
Your skin crawls.
You feel strong-willed.
You feel sick. The scorpion stings you.
* * * LOW HITPOINT WARNING * * *
It was a potion of resistance.
You feel protected.
You feel sick. The scorpion barely misses you.
A red film seems to cover your vision as you go berserk!
You feel yourself moving faster!
You feel mighty!
You feel sick. The scorpion stings you.
* * * LOW HITPOINT WARNING * * *
Your chain mail prevents you from hitting the scorpion.
You feel sick. The scorpion stings you.
* * * LOW HITPOINT WARNING * * *
You are more poisoned.
The scorpion poisons you!
You closely miss the scorpion.
* * * LOW HITPOINT WARNING * * *
You feel very sick. The scorpion stings you.
* * * LOW HITPOINT WARNING * * *
You barely miss the scorpion.
You die...

#...........#
##........#.<..
###......# # ###....!.#
#...#.#..#######
#.#.###.).......
#.##..r######### #.####s#
#.# #@# #.# ##.# #.###..#
#######.##...##
#....∩........#
#.##.##.#.....# .#
#.##.#.#|#.### .# #
#.##.#.#.....# .#
#.#.##.##.....#.#.###.###


You could see a scorpion and a rat.

Vanquished Creatures
  3 ball pythons (D:1)
  4 bats (D:1)
  An endoplasm (D:1)
  2 giant cockroaches (D:1)
  6 goblins
  2 hobgoblins (D:1)
  2 quokkas
  6 frilled lizards (D:1)
  A kobold (D:1)
  9 rats
36 creatures vanquished.

Notes
Turn   | Place    | Note
-------+----------+-------------------------------------------
     0 | D:1      | Johnny the Human Berserker began the quest for the Orb.
     0 | D:1      | Reached XP level 1. HP: 18/18 MP: 1/1
   245 | D:1      | Reached XP level 2. HP: 24/24 MP: 2/2
   255 | D:1      | Found a faded altar of an unknown god.
   611 | D:1      | Reached skill level 4 in Long Blades
   611 | D:1      | Reached XP level 3. HP: 29/29 MP: 3/3
   838 | D:1      | Reached ** piety under Trog
  1016 | D:2      | Found Xuih's Weapon Emporium.
  1041 | D:2      | Noticed a scorpion
  1059 | D:2      | HP: 1/43 [scorpion (4)]
  1060 | D:2      | Succumbed to a scorpion's poison

Illustrated notes

Levels and vault maps discovered:
D:1:      roderic_dead_forest, layout_basic,
          hellmonk_ecumenical_altar_leap_of_faith
D:2:      layout_loops_ring, serial_shops, shop

Skill      XL: |  1  2 |
---------------+-------+-----
Long Blades    | 4 |  4.3
Fighting       | |  3.0
Armour         | |  2.0
Dodging        | |  2.0

Action                   || total
-------------------------++-------
Melee: Falchion          ||    88
Invok: Berserk           ||     4
       Trog's Hand       ||     1
  Use: Potion            ||     1
 Stab: Sleeping          ||     1
Armor: Animal skin       ||     6
       Chain mail        ||    52
Dodge: Dodged            ||    53

Table legend: (Time is in decaauts)
 A = Elapsed time spent in this place.
 B = Non-inter-level travel time spent in this place.
 C = Inter-level travel time spent in this place.
 D = Time resting spent in this place.
 E = Time spent auto-exploring this place.
 F = Levels seen in this place.
 G = Mean time per level.
                   A        B        C        D        E       F      G
               +--------+--------+--------+--------+--------+-----+--------+
         Total |   1103 |   1099 |      4 |    300 |    558 |   2 |  551.5 |
       Dungeon |   1103 |   1099 |      4 |    300 |    558 |   2 |  551.5 |
               +--------+--------+--------+--------+--------+-----+--------+

Top non-repeatable levels by time:
     D:1: 925 daAuts
     D:2: 178 daAuts
